Zazza, neutral female human Tourist --- --- --..| --..| --...| |...---...-| --...G.....--- ---.........| |GGG......| --.|.....-- |.|..|..| |G|------ .--@| ...h.-- ...--....------- ..........^.....| --.......*....---.-- |................... --.................. -----..........|.. ----.|.--.-- -------- Zazza the Rambler Experience level: 1 Strength: 17 Dexterity: 14 Constitution: 15 Intelligence: 12 Wisdom: 11 Charisma: 18 Health: 0(14) Energy: 2(2) Def: 9 Gold: 1290 Moves: 5949 Dungeon seed: RTtgourieu_IPwTC Game ID: Zazza_1598208477 Your Inventory: Coins $ - 1290 gold pieces Weapons a - 22 +2 darts (in quiver) P - a +0 elven dagger (weapon in hand) R - 8 +0 daggers Armor e - an uncursed +0 Hawaiian shirt y - an uncursed +0 helm of telepathy (being worn) I - an uncursed +0 pair of kicking boots J - an uncursed +0 cloak of displacement (being worn) L - an uncursed +0 pair of kicking boots S - an uncursed +0 pair of jumping boots (being worn) V - a cursed -1 pair of fumble boots Y - an uncursed +0 dwarvish mithril-coat (being worn) Comestibles b - an uncursed carrot c - 2 uncursed pancakes g - 3 uncursed slime molds r - an uncursed lembas wafer K - an uncursed pear Scrolls t - an uncursed scroll of identify H - a cursed scroll of teleportation O - an uncursed scroll of light Spellbooks m - an uncursed spellbook of charm monster Potions o - a blessed potion of object detection u - a cursed potion of speed v - an uncursed potion of see invisible w - 2 uncursed potions of healing x - an uncursed potion of water z - an uncursed potion of sleeping A - an uncursed potion of enlightenment B - a cursed potion of paralysis C - an uncursed potion of acid D - an uncursed potion of see invisible E - an uncursed potion of booze F - a blessed potion of gain energy Rings N - an uncursed ring of regeneration T - an uncursed ring of protection from shape changers Wands h - a wand of digging (0:5) Tools k - an expensive camera (0:89) l - an uncursed credit card Gems n - an uncursed worthless piece of black glass G - an uncursed worthless piece of white glass M - an uncursed worthless piece of orange glass Spells and supernatural/magical abilities: Name Level Category Fail Memory W - pray for help -- divine ? -- Y - supernatural jump -- ability ? -- Your skills at the end: Fighting Skills Weapon Skills dart [Basic] Spellcasting Skills Final Attributes: You were nominally aligned. You were telepathic. You were displaced. You could jump. You are dead. Vanquished creatures: a shrieker 3 gnome lords a floating eye a dwarf a kobold lord a giant bat an orc zombie 2 wererats 2 iguanas 3 coyotes a gas spore 4 hobbits 4 manes a large kobold 7 giant rats 4 cave spiders 2 brown molds 3 yellow molds a green mold a red mold 9 gnomes a gnome zombie 4 geckos 17 jackals 2 foxes 4 kobolds 6 goblins 10 sewer rats 15 grid bugs a bat 9 lichens a kobold zombie 7 newts 130 creatures vanquished. Voluntary challenges: You used a wielded weapon 15 times, starting on turn 477. You read items or engraved 15 times, starting on turn 976. You never genocided any monsters. You never polymorphed an object. You never changed form. You used no wishes. You never split a pudding. You wrote Elbereth's name 10 times, starting on turn 1785. You never violated your personal moral code. Dungeon overview: The Dungeons of Doom: levels 1 to 6 Level 1 a long staircase Level 2 a general store Level 3 a potion shop Level 4 an armor shop stairs to The Gnomish Mines Level 5 Level 6 many fountains The Gnomish Mines: levels 5 to 6 Level 5 stairs to The Dungeons of Doom Level 6 <- You were here History has recorded: On T:1 you entered the Dungeons of Doom to retrieve the Amulet of Yendor! On T:510 you reached level 2 of The Dungeons of Doom. On T:1034 you reached level 3 of The Dungeons of Doom. On T:1987 you reached level 4 of The Dungeons of Doom. On T:3030 you reached level 5 of The Dungeons of Doom. On T:3707 you reached level 6 of The Dungeons of Doom. On T:5379 you reached level 1 of The Gnomish Mines. On T:5817 you reached level 2 of The Gnomish Mines. Score breakdown: Gold: 457 ( 9051 points) Experience: 1 level ( 0 points) Exploration: 6 levels ( 12.24%) ( 9682 points) Discoveries: 12 items ( 4.03%) ( 6020 points) Valuables value: (no points given unless you survive) Artifact value: 0 ( 0 points) Variety of kills: 33 monsters ( 8.66%) ( 8829 points) Turncount: 5949 turns (-1611 points) Survival: died (score multiplied by 80%) Total score: 25576 Latest messages: That food really hit the spot! The gnome turns to flee! The gnomish wizard turns to flee! You finish eating the food ration. The gnomish wizard casts a spell at thin air! You hear some noises. You write in the dust with your fingers. Something is written here in the dust. You read: "Elbereth". You see no objects here. You hear a mumbled curse. You write in the dust with your fingers. It is missed. The gnomish wizard is hit. Something is written here in the dust. You read: "Elbereth". You see no objects here. The gnomish wizard turns to flee! The dwarf swings her pick-axe. The dwarf hits! You die... Final status: Aloha Zazza the Tourist, killed by a dwarf... You died in The Gnomish Mines on dungeon level 6 with 25576 points, and 1290 pieces of gold, after 5949 moves. You were level 1 with a maximum of 14 hit points when you died.